Kradschützen Motorcycle Team
Kradschützen Motorcycle Team
Selects Armored Support Battlegroup
Construct Light Support Kompanie
Selects Superior Fire Drills
Construct Mechanized Kompanie
Panzerjäger Mechanized Group
Marder III Tank Destroyer
le.IG 18 Mechanized Group
Marder III Tank Destroyer
Marder III Tank Destroyer
Selects Stuka Anti-tank Loiter
Marder III Tank Destroyer
Selects Flammpanzer III Medium Tank
Selects Command Panzer IV F Medium Tank
Marder III Tank Destroyer
Command Panzer IV F Medium Tank
Construct Panzerarmee Kommand
Walking Stuka Rocket Launcher
Flammpanzer III Medium Tank